 Dungeon Crawl Stone Soup version 0.32-a0-350-g4f4d228785 (webtiles) character file.

Game seed: 10257033612461212580

313888 anacleto the Metamorph (level 20, -29/303 HPs)
             Began as a Troll Shapeshifter on Feb 17, 2024.
             Was the Champion of the Shining One.
             Annihilated by a rockslime (36 damage)
             ... on level 3 of the Pits of Slime on Feb 18, 2024.
             The game lasted 03:18:54 (47733 turns).

anacleto the Metamorph (Troll Shapeshifter)        Turns: 47733, Time: 03:18:54

Health: -29/303    AC: 10    Str: 49    XL:     20   Next: 47%
Magic:  27/27      EV: 11    Int:  4    God:    the Shining One [******]
Gold:   920        SH:  0    Dex: 12    Spells: 19/19 levels left

rFire   + +          .
                       - Unarmed
rCold   x . .        j - melded +8 tower shield
rNeg    + + +        o - melded +0 shadow dragon scales
rPois   +            x - melded +0 hat
rElec   .            f - melded scarf {repulsion}
rCorr   +            (gloves unavailable)
SInv    +            (boots unavailable)
Will    +....        Q - amulet of Vitality {RegenMP++ Regen++}
Stlth   +            R - +6 ring of strength
HPRegen 3.10/turn    Y - ring of Mibreaz {rCorr Dex+3 SInv}
MPRegen 1.00/turn

%: random rage (3%)
@: confused, dragon-form, ambrosia-drunk, fragile (+50% incoming damage),
flying, hasted, glowing, corroded, very quick
A: dragon claw, dragon scales, breathe fire, flying, boosted hp, giant,
unfitting armour, (claws 3), regeneration 1, (shaggy fur 1), (tough skin 1),
(horns 1), berserk 1, dopey 1, low MP 1, (electricity resistance), subdued magic
1, persistent drain
}: 2/15 runes: barnacled, gossamer
a: Breathe Fire, Begin Untransformation, Renounce Religion, Divine Shield,
Cleansing Flame, Summon Divine Warrior, Brand Weapon With Holy Wrath


You were on level 3 of the Pits of Slime.
You worshipped the Shining One.
The Shining One was exalted by your worship.
You were a fearsome dragon!
You visited 9 branches of the dungeon, and saw 39 of its levels.
You visited the Abyss 2 times.
You also visited: Sewer, Gauntlet and Volcano.

You collected 3771 gold pieces.
You spent 2851 gold pieces at shops.

Inventory:

Missiles
 e - 27 large rocks
 i - 9 curare-tipped darts
 A - 5 throwing nets
 B - 15 silver javelins
 F - 14 darts of dispersal
 G - 31 boomerangs (quivered)
Armour
 f - a scarf of repulsion (melded)
 j - a +8 tower shield (melded)
 o - +0 shadow dragon scales (melded)
 x - a +0 hat (melded)
Jewellery
 w - the ring of Dablics {Fly rN+ Int-4 Dex+4 Slay+3}
   (You bought it in a shop on level 11 of the Dungeon)

   [ring of positive energy]

   Int-4:     It affects your intelligence (-4).
   Dex+4:     It affects your dexterity (+4).
   Slay+3:    It affects your accuracy & damage with ranged weapons and melee
   (+3).
   rN+:       It protects you from negative energy.
   Fly:       It grants you flight.
 y - a ring of protection from fire
 M - the ring "Jig Feos" {Ice Dex+4}
   (You found it on level 3 of the Shoals)

   [ring of ice]

   Ice:       It enhances your ice magic.
   Dex+4:     It affects your dexterity (+4).
   rF-:       It makes you vulnerable to fire.
   rC+:       It protects you from cold.
 Q - the amulet of Vitality (around neck) {RegenMP++ Regen++}
   (You found it in a Gauntlet)

   [amulet of magic regeneration]

   RegenMP:   It increases your rate of magic regeneration.
   Regen++:   It increases your rate of health regeneration.
 R - a +6 ring of strength (left foreclaw)
 Y - the ring of Mibreaz (right foreclaw) {rCorr Dex+3 SInv}
   (You found it in a Gauntlet)

   [ring of see invisible]

   Dex+3:     It affects your dexterity (+3).
   SInv:      It lets you see invisible.
   rCorr:     It protects you from acid and corrosion.
Talismans
 g - a dragon-blood talisman (active)
 K - a serpent talisman
 T - a granite talisman
Wands
 a - a wand of mindburst (12)
 h - a wand of polymorph (20)
 l - a wand of digging (4)
 I - a wand of light (11)
 P - a wand of charming (19)
 S - a wand of flame (10)
 V - a wand of roots (1)
Scrolls
 c - 5 scrolls of poison
 n - 5 scrolls of revelation
 p - a scroll of enchant weapon
 s - a scroll of silence
 u - 4 scrolls of fog
 C - a scroll of identify
 E - 5 scrolls of immolation
 H - 2 scrolls of torment
 L - 5 scrolls of vulnerability
 W - a scroll of teleportation
Potions
 b - 6 potions of mutation
 d - 4 potions of lignification
 k - 4 potions of invisibility
 m - 7 potions of brilliance
 q - 5 potions of curing
 r - 4 potions of resistance {unknown}
 t - 3 potions of magic
 v - 2 potions of cancellation {unknown}
 z - 7 potions of attraction
 D - 4 potions of enlightenment
 J - a potion of haste
 O - 3 potions of ambrosia
 U - 3 potions of might


   Skills:
 + Level 13.1 Fighting
 + Level 10.7 Throwing
 + Level 9.7 Dodging
 + Level 6.3 Shields
 + Level 15.4 Unarmed Combat
 - Level 15.9 Invocations
 * Level 19.5 Shapeshifting


You had 19 spell levels left.
You didn't know any spells.
Your spell library contained the following spells:

 Spells                   Type           Power      Damage    Failure   Level
 Apportation              Tloc           0%         N/A       45%         1
 Foxfire                  Conj/Fire      0%         2x1d4     45%         1
 Blink                    Tloc           0%         N/A       61%         2
 Call Imp                 Summ           0%         N/A       61%         2
 Cigotuvi's Dreadful Rot  Necr/Alch/Air  0%         N/A       61%         2
 Ensorcelled Hibernation  Hex/Ice        0%         N/A       61%         2
 Jinxbite                 Hex            0%         N/A       61%         2
 Lesser Beckoning         Tloc           0%         N/A       61%         2
 Momentum Strike          Conj/Tloc      0%         3d8       61%         2
 Sublimation of Blood     Necr           0%         N/A       61%         2
 Call Canine Familiar     Summ           0%         N/A       83%         3
 Fugue of the Fallen      Necr           0%         N/A       83%         3
 Hailstorm                Conj/Ice       0%         3d5       83%         3
 Ozocubu's Armour         Ice            0%         N/A       83%         3
 Sigil of Binding         Hex            0%         N/A       83%         3
 Summon Ice Beast         Ice/Summ       0%         N/A       83%         3
 Anguish                  Hex/Necr       0%         N/A       99%         4
 Dimensional Bullseye     Hex/Tloc       0%         N/A       99%         4
 Fulminant Prism          Conj/Alch      0%         3d5       99%         4
 Ignite Poison            Fire/Alch      0%         N/A       99%         4
 Manifold Assault         Tloc           0%         N/A       99%         4
 Alistair's Intoxication  Alch           0%         N/A       100%        5
 Arcjolt                  Conj/Air       0%         1d10      100%        5
 Borgnjor's Vile Clutch   Necr/Erth      0%         N/A       100%        5
 Freezing Cloud           Conj/Ice/Air   0%         6-21      100%        5
 Iskenderun's Battlesphe  Conj           0%         2d6       100%        5
 Summon Forest            Summ/Tloc      0%         N/A       100%        5
 Bombard                  Conj/Erth      0%         9d1       100%        6
 Eringya's Noxious Bog    Alch           0%         4d6       100%        6
 Plasma Beam              Fire/Air       0%         2x1d10    100%        6
 Sculpt Simulacrum        Ice/Alch       0%         N/A       100%        6
 Starburst                Conj/Fire      0%         6d3       100%        6
 Spellforged Servitor     Conj/Summ      0%         N/A       100%        7
 Summon Hydra             Summ           0%         N/A       100%        7
 Lehudib's Crystal Spear  Conj/Erth      0%         10d2      100%        8


Dungeon Overview and Level Annotations

Branches:
Dungeon (15/15)            Temple (1/1) D:4            Lair (5/5) D:11
 Shoals (4/4) Lair:3       Spider (4/4) Lair:2        Slime (4/5) Lair:5
    Orc (2/2) D:9             Elf (3/3) Orc:2        Vaults (0/5) D:14
 Depths (1/4) D:15          Sewer (visited)         Volcano (visited)
Gauntlet (visited)

Altars:
Ashenzari
Cheibriados
Dithmenos
Elyvilon
Fedhas
Gozag
Hepliaklqana
Kikubaaqudgha
Makhleb
Nemelex Xobeh
Okawaru
Qazlal
Ru
Sif Muna
Trog
Uskayaw
Vehumet
Wu Jian
Xom
Yredelemnul
Zin
The Shining One
Beogh
Jiyva
Lugonu

Shops:
D:1 (   D:4 (   D:5 (!*   D:10 ?   D:11 =   Orc:2 =:[(   Elf:1 :   Elf:2 =:[[
Shoals:1 =

Portals:
Hell: Depths:1
Abyss: Lair:5 Depths:1
Ziggurat: Depths:1

Annotations:
Orc:2 3 runed translucent doors, zewo's ghost, journeyman MDFE


Innate Abilities, Weirdness & Mutations

You are a fearsome dragon!
You have a powerful clawing attack.
Your giant scaled body is strong and resilient, but less evasive.
You can breathe fire.
You are flying.
Your maximum health is greatly increased.
Your armour is entirely melded.
You are incapable of wielding weapons or throwing items.
You are too large for most types of armour.
((You have claws for hands.))
Your natural rate of healing is unusually fast.
((You are covered in fur. (AC +1)))
((You have tough skin. (AC +1)))
((You have a pair of small horns on your head.))
You sometimes lose your temper in combat.
You are dopey. (Int -2)
Your magical capacity is low. (-10% MP)
((You are resistant to electric shocks. (rElec)))
Your spells are a little easier to cast, but a little less powerful.
Your health recovers twice as slowly from being drained.


Message History

You resist with almost no effort.
You closely miss the golden eye.
Your tail-slap misses the golden eye.
The golden eye blinks at you. You resist with almost no effort.
Unknown command.
Acid dripping from the walls corrodes you.
The golden eye blinks! x2; The rockslime hits you!!!
* * * LOW HITPOINT WARNING * * *
You hold your ground!
The golden eye blinks at you.
You are more confused.
Unknown command.
You feel better.
The golden eye blinks!
The golden eye blinks at you.
You are confused.
The rockslime hits you!!!
* * * LOW HITPOINT WARNING * * *
You hold your ground!
You feel much better. The golden eye blinks at you.
You resist with some effort. The golden eye blinks at you.
You are more confused.
Unknown command.
You are too confused!
You're too confused to aim your attacks!
You are too confused!
You are more confused.
You feel invigorated. The rockslime hits you!!!
* * * LOW HITPOINT WARNING * * *
You hold your ground!
The golden eye blinks at you. You resist with almost no effort.
The golden eye blinks at you. You resist with almost no effort.
The golden eye blinks at you.
You are more confused.
You are more confused.
You feel more invigorated. The rockslime hits you!!
You die...

..............#
.#.............###
#.................
#................
# #...............
#.##....#.........
..........>.......
#......GJ.........
.#.....DGG.....##.
.......#G#......#
.#....#........#..
#................
#.#.......#....#.#
.........#...#####
.........##.##
.... .# #


You could see a rockslime, a shining eye, a glass eye and 2 golden eyes.

Vanquished Creatures
  Saint Roka (Orc:1)
  Rupert (D:14)
  A lich (D:15)
  7 acid blobs
  A tentacled starspawn (Abyss:3)
  A kraken (Shoals:2)
  Frances (Shoals:1)
  Roxanne (Spider:1)
  Aizul (Spider:1)
  2 rockslimes
  4 azure jellies
  Donald (Elf:2)
  Ilsuiw (Shoals:2)
  A storm dragon (Shoals:4)
  3 fire giants
  A ghost moth (Spider:4)
  2 deep elf sorcerers
  2 frost giants (Depths:1)
  An orc warlord (D:9)
  2 quicksilver oozes
  The ghost of bakla the Eclecticist, a journeyman HuEE of Cheibriados (Shoals:3)
  The ghost of Geivij the Markstengu, a journeyman TeDe of Zin (Orc:1)
  3 broodmothers
  A lorocyproca (Abyss:3)
  A vampire knight (D:15)
  A deep elf demonologist (Elf:2)
  2 deep elf death magi
  Azrael (Spider:1)
  A minotaur (Gauntlet)
  A dire elephant (D:15)
  3 deep elf annihilators
  2 spark wasps
  2 ettins (Depths:1)
  8 merfolk impalers
  7 merfolk javelineers (Shoals:4)
  Josephine (D:10)
  An entropy weaver (shapeshifter) (D:14)
  3 fire dragons
  2 great orbs of eyes
  An ice dragon (D:15)
  4 entropy weavers (Spider:4)
  A rakshasa (D:15)
  An ogre mage (D:15)
  4 hydras
  4 jorogumos
  7 merfolk aquamancers
  2 alligator snapping turtles (Shoals:4)
  2 radroaches
  14 centaur warriors
  22 dancing weapons
  2 tengu warriors (D:14)
  7 boulder beetles
  5 catoblepae
  12 two-headed ogres
  A merfolk avatar (Shoals:2)
  2 satyrs (Shoals:3)
  A vampire mage (Depths:1)
  4 hell hogs
  18 demonic crawlers
  9 death yaks
  Urug (Lair:2)
  2 occultists (Depths:1)
  7 thrashing horrors
  19 deep elf knights
  Nergalle (D:10)
  2 orc high priests (Orc:2)
  A skyshark (Shoals:2)
  12 skeletal warriors
  7 sea snakes
  15 orb spiders
  8 pharaoh ants
  3 large abominations
  2 arcanists
  5 sun moths
  18 harpies
  12 deep elf archers
  24 deep elf zephyrmancers
  Pikel (D:9)
  33 deep elf pyromancers
  6 steelbarb worms
  5 orc knights
  25 wolf spiders
  A lindwurm (Lair:5)
  2 necromancers
  3 orc sorcerers
  17 ugly things
  A salamander (D:15)
  13 fauns
  3 shining eyes
  6 cyclopes
  2 alligator skeletons (Volcano)
  A worldbinder (Abyss:3)
  4 moths of wrath
  8 manticores
  4 meliai (Spider:4)
  6 black mambas
  4 kobold blastminers
  Joseph (Lair:1)
  A stone giant zombie (Depths:1)
  4 water nymphs
  11 merfolk sirens
  An apocalypse crab (Abyss:4)
  An eye of devastation (Slime:4)
  4 torpor snails
  14 cane toads
  5 gargoyles
  4 smoke demons
  2 unseen horrors (D:12)
  An efreet (D:14)
  2 freezing wraiths (D:14)
  8 komodo dragons
  A rime drake (Lair:5)
  2 ancient zymes (Abyss:3)
  A tengu conjurer (D:13)
  A red devil (Spider:4)
  2 polar bears
  4 trolls
  10 wind drakes
  19 merfolk
  A dream sheep (shapeshifter) (D:15)
  13 tarantellas
  6 raiju
  35 blink frogs
  2 spriggan zombies (Depths:1)
  12 snapping turtles
  2 hornets (Gauntlet)
  A raiju (shapeshifter) (D:14)
  A blink frog (shapeshifter) (Elf:2)
  2 dream sheep (Shoals:1)
  28 jumping spiders
  69 slime creatures
  21 water elementals
  5 wraiths
  A ynoxinul (Lair:5)
  A spriggan skeleton (Depths:1)
  A spriggan (Lair:5)
  2 shadows
  6 air elementals (Shoals:4)
  6 wyverns
  15 culicivoras
  3 fire bats (Gauntlet)
  9 basilisks
  Eustachio (D:5)
  49 yaks
  A yak (shapeshifter) (Lair:5)
  5 golden eyes (Slime:3)
  A basilisk (shapeshifter) (D:14)
  2 steam dragons
  5 vampire mosquitoes
  39 redbacks
  A chaos spawn (Lair:5)
  A neqoxec (Abyss:4)
  4 wargs
  2 fire elementals
  Edmund (D:6)
  Menkaure (D:5)
  9 small abominations
  16 water moccasins
  A swamp worm (shapeshifter) (Depths:1)
  4 acid dragons
  6 hell hounds
  A tengu skeleton (Depths:1)
  2 ice beasts
  A meliai simulacrum (D:14)
  7 black bears
  37 orc warriors
  3 laughing skulls
  2 boggarts (Orc:2)
  15 ogres
  13 wolves
  21 centaurs
  A phantom (D:5)
  4 lemures (D:9)
  A weeping skull (Volcano)
  5 kobold brigands
  11 bullfrogs
  3 gnoll sergeants
  2 scorpions
  2 earth elementals (Elf:1)
  7 wights
  A two-headed ogre simulacrum (D:11)
  5 killer bees
  A howler monkey (D:6)
  2 troll skeletons (Volcano)
  5 electric eels
  2 hounds
  13 jellies
  22 orc priests
  A bombardier beetle (D:4)
  A gnoll bouda (D:5)
  5 iguanas (D:5)
  22 orc wizards
  3 spriggan simulacra (D:11)
  2 hell rats (D:11)
  2 naga skeletons (Volcano)
  29 gnolls
  8 adders
  9 river rats
  3 shadow imps
  A white imp (D:5)
  2 ufetubi (D:5)
  4 ribbon worms
  3 dart slugs
  93 orcs
  12 ball pythons
  9 endoplasms
  5 giant cockroaches
  13 hobgoblins
  8 jackals (D:1)
  6 quokkas
  6 bats
  3 frilled lizards
  7 goblins
  33 kobolds
  23 rats
  A starspawn tentacle (Abyss:3)
1477 creatures vanquished.

Vanquished Creatures (collateral kills)
  Boris (Elf:2)
  Arachne (Spider:3)
  Polyphemus (Shoals:2)
  A spark wasp (Spider:3)
  A hydra (D:14)
  An occultist (Depths:1)
  Lodul (D:14)
  2 orb spiders (Spider:3)
  An orc knight (Orc:2)
  A harpy (Shoals:1)
  A yaktaur (D:14)
  2 merfolk
  A jumping spider (Spider:3)
  2 culicivoras (Spider:3)
  A basilisk (D:14)
  An orc warrior (Orc:2)
  An ogre (Orc:2)
  An orc priest (Orc:2)
  2 orc wizards (Orc:2)
  3 orcs (Orc:2)
26 creatures vanquished.

Vanquished Creatures (others)
  A deep elf knight (Elf:2)
  A deep elf zephyrmancer (Elf:1)
  A deep elf pyromancer (Elf:1)
  A merfolk (Shoals:2)
  3 starspawn tentacles (Abyss:3)
  4 tentacles (Shoals:2)
11 creatures vanquished.

Grand Total: 1514 creatures vanquished

Notes
Turn   | Place    | Note
-------+----------+-------------------------------------------
     0 | D:1      | anacleto the Troll Shapeshifter began the quest for the
                  | Orb.
     0 | D:1      | Reached XP level 1. HP: 18/18 MP: 0/0
    25 | D:1      | Reached skill level 1 in Fighting
    27 | D:1      | Reached XP level 2. HP: 27/27 MP: 1/1
   206 | D:1      | Reached XP level 3. HP: 33/33 MP: 2/2
   255 | D:1      | Found Zikoa's Weapon Emporium.
   676 | D:2      | Reached XP level 4. HP: 41/41 MP: 3/3
   770 | D:2      | Reached skill level 1 in Throwing
   962 | D:2      | Reached skill level 4 in Shapeshifting
  1137 | D:3      | Found a hazy altar of Hepliaklqana.
  1169 | D:3      | Reached XP level 5. HP: 48/49 MP: 4/4
  1240 | D:3      | Found a glowing silver altar of Zin.
  1608 | D:3      | Found a sacrificial altar of Ru.
  1882 | D:4      | Reached XP level 6. HP: 57/57 MP: 5/5
  1907 | D:4      | Found a glowing drain.
  1914 | Sewer    | Entered a sewer
  1977 | Sewer    | Gained mutation: Your health recovers twice as slowly from
                  | being drained. [potion of mutation]
  1977 | Sewer    | Gained mutation: You are resistant to electric shocks.
                  | (rElec) [potion of mutation]
  2253 | Sewer    | Reached skill level 5 in Shapeshifting
  2253 | Sewer    | Reached XP level 7. HP: 48/66 MP: 6/6
  2358 | Sewer    | Identified the +3 leather armour of Resilience {rF+}
  2947 | D:4      | Found Kerghig's Weapon Emporium.
  3215 | D:4      | Found a staircase to the Ecumenical Temple.
  3225 | Temple   | Entered the Ecumenical Temple
  3248 | Temple   | Became a worshipper of the Shining One
  3301 | D:5      | Entered Level 5 of the Dungeon
  3301 | D:5      | Found Wobret's Assorted Antiques.
  3613 | D:5      | Noticed a moth of wrath
  3617 | D:5      | Found a bloodstained altar of Trog.
  3811 | D:5      | Found Fakh's Weapon Shoppe.
  3985 | D:5      | Found Teol's Distillery.
  3992 | D:5      | Found an iron altar of Okawaru.
  3993 | D:5      | Bought a potion of haste for 150 gold pieces
  3993 | D:5      | Bought a potion of berserk rage for 75 gold pieces
  4086 | D:5      | Noticed Eustachio
  4110 | D:5      | Killed Eustachio
  4111 | D:5      | Reached skill level 6 in Shapeshifting
  4111 | D:5      | Reached XP level 8. HP: 45/75 MP: 7/7
  4205 | D:5      | Reached skill level 5 in Unarmed Combat
  4672 | D:6      | Reached * piety under the Shining One
  4686 | D:6      | Noticed Menkaure
  4945 | D:5      | Killed Menkaure
  5044 | D:6      | Reached skill level 7 in Shapeshifting
  5102 | D:6      | Noticed Edmund
  5107 | D:6      | Reached XP level 9. HP: 84/84 MP: 8/8
  5116 | D:6      | Killed Edmund
  5206 | D:6      | Found a radiant altar of Vehumet.
  5411 | D:5      | Bought a potion of curing for 45 gold pieces
  5717 | D:7      | Reached ** piety under the Shining One
  5737 | D:7      | Found a stormy altar of Qazlal.
  5744 | D:7      | Found a blossoming altar of Fedhas.
  6377 | D:7      | Found a snail-covered altar of Cheibriados.
  6689 | D:8      | Reached skill level 1 in Invocations
  6689 | D:8      | Reached skill level 8 in Shapeshifting
  7299 | D:5      | Bought a scroll of teleportation for 78 gold pieces
  7299 | D:5      | Bought a scroll labelled LAQUHENTAVEH for 26 gold pieces
  7299 | D:5      | Bought a scroll labelled YCHOPSASIRCH for 26 gold pieces
  7350 | D:8      | Reached skill level 5 in Throwing
  7590 | D:8      | Reached XP level 10. HP: 76/94 MP: 10/10
  7993 | D:8      | Reached skill level 5 in Fighting
  8266 | D:9      | Reached skill level 5 in Dodging
  8466 | D:9      | Noticed Pikel
  8485 | D:9      | Killed Pikel
  8818 | D:9      | Noticed a two-headed ogre
  8826 | D:9      | Killed a two-headed ogre
  8882 | D:9      | Found a staircase to the Orcish Mines.
  8983 | D:9      | Reached skill level 9 in Shapeshifting
  9012 | D:10     | Entered Level 10 of the Dungeon
  9055 | D:10     | Noticed a two-headed ogre
  9061 | D:10     | Killed a two-headed ogre
  9215 | D:10     | Noticed Nergalle
  9224 | D:10     | Killed Nergalle
  9225 | D:10     | Reached XP level 11. HP: 93/104 MP: 12/12
  9296 | D:10     | Noticed a two-headed ogre
  9300 | D:10     | Killed a two-headed ogre
  9516 | D:10     | Found Riuwoes's Magic Scroll Shop.
  9519 | D:10     | Bought a scroll of identify for 26 gold pieces
  9519 | D:10     | Bought a scroll of identify for 26 gold pieces
  9519 | D:10     | Bought a scroll of teleportation for 39 gold pieces
  9519 | D:10     | Bought a scroll of blinking for 97 gold pieces
  9585 | D:10     | Reached *** piety under the Shining One
  9591 | D:10     | Noticed Josephine
  9598 | D:10     | Killed Josephine
  9751 | D:11     | Noticed a two-headed ogre
  9758 | D:10     | Reached skill level 10 in Shapeshifting
  9787 | D:10     | Killed a two-headed ogre
  9981 | D:11     | Noticed a boulder beetle
  9994 | D:11     | Killed a boulder beetle
 10184 | D:11     | Found Hekom's Jewellery Boutique.
 10185 | D:11     | Noticed a two-headed ogre
 10198 | D:11     | Killed a two-headed ogre
 10346 | D:11     | Found a staircase to the Lair.
 10407 | D:11     | Reached XP level 12. HP: 113/113 MP: 14/14
 10509 | D:11     | Reached **** piety under the Shining One
 10932 | D:12     | Reached skill level 5 in Invocations
 11013 | D:12     | Noticed a two-headed ogre
 11028 | D:11     | Killed a two-headed ogre
 11147 | D:12     | Noticed a centaur warrior
 11157 | D:12     | Killed a centaur warrior
 11367 | D:12     | Reached skill level 11 in Shapeshifting
 11630 | D:12     | Noticed a catoblepas
 11646 | D:12     | Killed a catoblepas
 11894 | Orc:1    | Entered Level 1 of the Orcish Mines
 12138 | Orc:1    | Reached ***** piety under the Shining One
 12194 | Orc:1    | Noticed Geivij's ghost (journeyman TeDe)
 12197 | Orc:1    | Found a runed translucent door.
 12208 | Orc:1    | Noticed an orc warlord
 12223 | Orc:1    | HP: 6/141 [orc warlord/+0 great mace of venom (27)]
 13531 | D:13     | Reached XP level 13. HP: 119/124 MP: 16/16
 13918 | D:13     | Reached skill level 12 in Shapeshifting
 13946 | D:13     | Found an iron altar of Okawaru.
 14744 | D:14     | Got the Folio of Terra Firma and Battling
 15154 | D:14     | Reached skill level 10 in Invocations
 15497 | D:14     | Identified the +8 long sword "Utrean Emnu" {heavy, rPois
                  | rF+ Dex-3}
 15497 | D:14     | Noticed Lodul
 15503 | D:14     | Reached XP level 14. HP: 135/135 MP: 12/21
 15505 | D:14     | Killed Lodul
 16127 | D:14     | Found a gate to the Vaults.
 16513 | D:9      | Killed an orc warlord
 16814 | D:11     | Bought the ring of Dablics {Fly rN+ Int-4 Dex+4 Slay+3} for
                  | 583 gold pieces
 17493 | Orc:1    | Killed Geivij's ghost
 17575 | Orc:2    | Entered Level 2 of the Orcish Mines
 17731 | Orc:2    | Found a roughly hewn altar of Beogh.
 17732 | Orc:2    | Found Urrifra's Book Shop.
 17825 | Orc:2    | Found a runed translucent gate.
 17825 | Orc:2    | Noticed zewo's ghost (journeyman MDFE)
 17846 | Orc:2    | Found a runed translucent gate.
 17846 | Orc:2    | Found a runed translucent gate.
 17848 | Orc:2    | Identified the +8 plate armour of Beogh's Benevolence
                  | {Int+2 Dex+5}
 18204 | Orc:2    | Found a roughly hewn altar of Beogh.
 18249 | Orc:2    | Found Pumoyrcha's Jewellery Emporium.
 18273 | Orc:2    | Found a staircase to the Elven Halls.
 18617 | Orc:2    | Noticed Saint Roka
 19229 | Orc:1    | Killed Saint Roka
 19511 | Orc:2    | Found a roughly hewn altar of Beogh.
 19511 | Orc:2    | Found Fikixem's Antique Armour Boutique.
 19514 | Orc:2    | Found Bolabawo's Antique Weapon Shop.
 19911 | Orc:2    | Found a roughly hewn altar of Beogh.
 20105 | D:15     | Entered Level 15 of the Dungeon
 20356 | D:15     | Reached skill level 10 in Unarmed Combat
 20562 | D:15     | Reached skill level 13 in Shapeshifting
 20674 | D:15     | Found a staircase to the Depths.
 21029 | D:15     | Noticed Rupert
 21351 | Lair:1   | Entered Level 1 of the Lair of Beasts
 21743 | Lair:1   | Reached XP level 15. HP: 145/145 MP: 23/23
 21814 | Lair:1   | Noticed Joseph
 21824 | Lair:1   | Killed Joseph
 22914 | Lair:2   | Identified the +8 trident of Yliniun {pain, ^Fragile MP+9
                  | Int+3 Dex+3}
 23184 | Lair:2   | Found a hole to the Spider Nest.
 23327 | Lair:2   | Noticed Urug
 23345 | Lair:2   | Killed Urug
 23875 | Lair:3   | Identified the +5 quarterstaff of the Gloaming {venom, rF+
                  | Dex+3}
 24255 | Lair:3   | Found a staircase to the Shoals.
 24446 | Lair:4   | Reached skill level 14 in Shapeshifting
 24644 | Lair:4   | Found a gate leading to a gauntlet.
 24654 | Gauntlet | Entered a Gauntlet
 24654 | Gauntlet | Found a transporter.
 24654 | Gauntlet | Found a transporter.
 24658 | Gauntlet | Found a transporter.
 24658 | Gauntlet | Found a transporter.
 24668 | Gauntlet | Found a transporter.
 24678 | Gauntlet | Found a transporter.
 24678 | Gauntlet | Found a transporter.
 24679 | Gauntlet | Found the amulet of Vitality {RegenMP++ Regen++}
 24702 | Gauntlet | Found a transporter.
 24711 | Gauntlet | Found a transporter.
 24741 | Gauntlet | Found a transporter.
 24764 | Gauntlet | Identified the ring of Mibreaz {rCorr Dex+3 SInv}
 24771 | Gauntlet | Found a transporter.
 24824 | Gauntlet | Found a transporter.
 24833 | Gauntlet | Found a transporter.
 24865 | Gauntlet | Identified the +5 dagger "Murmur" {flame, Dex+5}
 24963 | Gauntlet | Identified the +3 mace "Guikhlept" {elec, *Corrode rElec
                  | Int+2 Dex+2}
 25042 | Gauntlet | Identified the ring "Utryri" {rF+++ Str+6 Int-4 Stlth+}
 25042 | Gauntlet | Identified the +1 helmet of Howling Wind {Will+}
 25138 | Lair:4   | Found a dark tunnel.
 25143 | Volcano  | Entered a volcano
 26219 | Lair:5   | Entered Level 5 of the Lair of Beasts
 26550 | Lair:5   | Reached ****** piety under the Shining One
 26633 | Lair:5   | Reached XP level 16. HP: 157/157 MP: 25/25
 26657 | Lair:5   | Found a corrupted altar of Lugonu.
 26657 | Lair:5   | Found a one-way gate to the infinite horrors of the Abyss.
 26952 | Lair:5   | Found a viscous altar of Jiyva.
 26952 | Lair:5   | Found a staircase to the Slime Pits.
 27105 | Lair:5   | Reached skill level 15 in Shapeshifting
 27645 | Spider:1 | Entered Level 1 of the Spider Nest
 27705 | Spider:1 | Reached skill level 10 in Fighting
 27918 | D:14     | Paralysed by Rupert for 4 turns
 27923 | D:14     | Killed Rupert
 28268 | Depths:1 | Entered Level 1 of the Depths
 28313 | Depths:1 | Noticed a lich
 28320 | D:15     | Killed a lich
 28562 | Depths:1 | Found a one-way gateway to a ziggurat.
 28730 | Abyss:3  | Cast into level 3 of the Abyss (an occultist)
 28870 | Abyss:3  | Noticed a tentacled starspawn
 28879 | Abyss:3  | Killed a tentacled starspawn
 29266 | Abyss:4  | Gained mutation: Your spells are a little easier to cast,
                  | but a little less powerful. [a neqoxec]
 29275 | Depths:1 | Escaped the Abyss
 29581 | Depths:1 | Found a gateway to Hell.
 29647 | Depths:1 | Found an opulent altar of Gozag.
 29760 | Depths:1 | Reached skill level 16 in Shapeshifting
 30308 | Elf:1    | Entered Level 1 of the Elven Halls
 30812 | Orc:2    | Reached XP level 17. HP: 167/167 MP: 26/26
 31465 | Elf:1    | Found Kasaneq's Book Emporium.
 31604 | Abyss:4  | Cast into level 4 of the Abyss (a deep elf sorcerer)
 31658 | Elf:1    | Escaped the Abyss
 32701 | Elf:2    | Found Fydevuz's Antique Armour Shop.
 32705 | Elf:2    | Found Urotej's Armour Boutique.
 32707 | Elf:2    | Found Miuquddu's Book Shop.
 32859 | Elf:2    | Reached skill level 17 in Shapeshifting
 32922 | Elf:2    | Found a runed translucent gate.
 32923 | Elf:2    | Found a runed translucent gate.
 32923 | Elf:2    | Found a runed translucent gate.
 33141 | Elf:2    | Found Gaewn's Jewellery Shoppe.
 33209 | Elf:2    | Bought a granite talisman for 840 gold pieces
 33395 | Elf:2    | Reached skill level 15 in Invocations
 33558 | Elf:2    | Noticed Donald
 33566 | Elf:2    | Killed Donald
 34009 | Elf:3    | Entered Level 3 of the Elven Halls
 34009 | Elf:3    | Identified the +2 robe "Xununa" {MP+9}
 34009 | Elf:3    | Noticed Boris
 34021 | Elf:2    | Killed Boris
 34259 | Elf:2    | Reached XP level 18. HP: 179/179 MP: 28/28
 34294 | Elf:3    | Noticed a Hell Sentinel
 34876 | Spider:1 | Noticed Azrael
 34884 | Spider:1 | Killed Azrael
 34909 | Spider:1 | Identified the serpent talisman of Springtime {Int+2}
 34909 | Spider:1 | Noticed Aizul
 34919 | Spider:1 | Killed Aizul
 35060 | Spider:1 | You are sucked into a shaft and drop 1 floor!
 35108 | Spider:1 | Reached skill level 1 in Shields
 35131 | Spider:1 | Noticed Roxanne
 35154 | Spider:1 | Killed Roxanne
 36262 | Spider:2 | Identified the +0 robe "Biggan" {rCorr}
 36464 | Spider:2 | Identified the +8 falchion "Zohe Zea" {drain, rPois}
 36760 | Elf:2    | Bought a dragon-blood talisman for 840 gold pieces
 37054 | Spider:3 | Noticed Arachne
 37065 | Spider:3 | Killed Arachne
 37129 | Spider:3 | Reached skill level 18 in Shapeshifting
 37672 | Spider:4 | Entered Level 4 of the Spider Nest
 37866 | Spider:4 | Identified a scroll of acquirement
 37867 | Spider:4 | Acquired 525 gold pieces
 38367 | Spider:4 | Reached XP level 19. HP: 189/189 MP: 29/29
 38981 | Spider:4 | Got a gossamer rune of Zot
 39285 | Shoals:1 | Entered Level 1 of the Shoals
 39436 | Shoals:1 | Found Biody's Jewellery Shoppe.
 39439 | Shoals:1 | Noticed Frances
 39460 | Shoals:1 | Killed Frances
 40279 | Shoals:2 | Noticed Ilsuiw
 40299 | Shoals:2 | Killed Ilsuiw
 40779 | Shoals:2 | Noticed Polyphemus
 40787 | Shoals:2 | Killed Polyphemus
 42314 | Shoals:3 | Found a large runed translucent door.
 42314 | Shoals:3 | Found a large runed translucent door.
 42396 | Shoals:3 | Reached skill level 5 in Shields
 42660 | Shoals:3 | Noticed bakla's ghost (journeyman HuEE)
 42955 | Shoals:3 | Killed bakla's ghost
 43015 | Shoals:3 | Identified the ring "Jig Feos" {Ice Dex+4}
 43050 | Shoals:4 | Entered Level 4 of the Shoals
 43181 | Shoals:4 | Paralysed by an air elemental for 1 turns
 43185 | Shoals:4 | Reached skill level 10 in Throwing
 43197 | Shoals:4 | Reached skill level 19 in Shapeshifting
 43402 | Shoals:4 | Paralysed by an air elemental for 1 turns
 43406 | Shoals:4 | Paralysed by an air elemental for 1 turns
 43410 | Shoals:4 | Paralysed by an air elemental for 1 turns
 43709 | Shoals:4 | Reached skill level 15 in Unarmed Combat
 43709 | Shoals:4 | Paralysed by an air elemental for 1 turns
 43712 | Shoals:4 | Paralysed by an air elemental for 1 turns
 44047 | Shoals:4 | Paralysed by an air elemental for 1 turns
 44097 | Shoals:4 | Reached XP level 20. HP: 201/201 MP: 30/30
 44110 | Shoals:4 | Identified the +4 whip "Qaskiz" {freeze, rF++ MP-9}
 44188 | Shoals:4 | Got a barnacled rune of Zot
 44850 | Slime:1  | Entered Level 1 of the Pits of Slime
 45202 | Slime:1  | Lost intelligence.
 45202 | Slime:1  | Gained mutation: You are dopey. (Int -2) [a shining eye]
 46142 | Slime:2  | Gained mutation: Your magical capacity is low. (-10% MP) [a
                  | shining eye]
 47481 | Slime:3  | The Shining One protects you from harm!
 47717 | Slime:3  | Gained mutation: You sometimes lose your temper in combat.
                  | [a shining eye]
 47721 | Slime:3  | Gained mutation: You have a pair of small horns on your
                  | head. [a shining eye]
 47732 | Slime:3  | HP: 2/303 [rockslime (54)]
 47733 | Slime:3  | Annihilated by a rockslime

Illustrated notes

Levels and vault maps discovered:
D:1:      erik_arrival_cave_to_civilisation [erik_arrival_cave_to_hall],
          layout_rooms, serial_shops, nicolae_shop_stone
D:2:      layout_rooms, kennysheep_generic_room_12
D:3:      layout_loops_ring, lemuel_tele_altar,
          mainiacjoe_overflow_catwalk_spiral, guppyfry_early_orc_mine
D:4:      layout_basic, temple_statues, serial_shops,
          nicolae_shop_just_a_little_nook, portal_sewer_entry_b,
          grunt_ministairs_15, hangedman_abyss_or_decor_stagger
D:5:      layout_cave_pods, tgw_trog, mainiacjoe_overflow_boulevard,
          serial_shops, nicolae_take_the_stairs,
          nicolae_shop_tiny_real_fake_doors, shop, minivault_27,
          minmay_checkerbox, uniq_eustachio
D:6:      layout_cave_pools, nicolae_vehumet_radiance, uniq_menkaure,
          uniq_edmund
D:7:      nicolae_BIG_FREAKIN_CUBE, layout_basic, general_overflow_altar,
          grunt_temple_overflow_forces_of_nature, serial_co_window_serial,
          co_window_paths_a, co_window_paths_b, co_window_cross_1,
          co_window_of_opportunity_a, co_window_corner_a, co_window_cross_4,
          co_window_of_opportunity_b, co_window_broadway_a,
          co_window_of_opportunity_b, glass_columns_a, glass_columns_b,
          glass_columns_b, glass_columns_a
D:8:      layout_basic, nrook_uturn
D:9:      layout_roguey, orc_0_dummy, kennysheep_pointless_box, uniq_pikel
D:10:     layout_roguey, serial_shops, kennysheep_mini, uniq_nergalle,
          uniq_josephine
D:11:     layout_gridville, dpeg_lair_monsters, serial_shops,
          nicolae_diamond_shop, portal_ice_cave_entry_ice_simulacra,
          eino_tiny_chamber
D:12:     layout_grid_maze, grunt_decor_mini_mirrors
D:13:     layout_basic, okawaru_trees_2
D:14:     minmay_the_grid_four_pointed_star
          [minmay_the_grid_triangle_9x9_skeleton,
          minmay_the_grid_triangle_9x9_thin_v,
          minmay_the_grid_triangle_9x9_pentomino_pain,
          minmay_the_grid_triangle_9x9_cache, minmay_the_grid_prize_big_room],
          layout_grid_maze, david_vaults_1, minmay_misc_feat_four_crosses,
          uniq_lodul
D:15:     hangedman_depths_entry_try_elsewhere_first, layout_basic,
          chequers_serial_rivers_micro_c, uniq_rupert
Temple:   nicolae_temple_god_jail
Lair:1:   layout_layer_cave, grunt_megastairs_3, uniq_joseph
Lair:2:   layout_misc_corridors, spider_nest_entry_web_field, uniq_urug
Lair:3:   layout_long_grid, mainiacjoe_shoals_entry_four_pools,
          infiniplex_staircase_pool_2, grunt_megastairs_4
Lair:4:   nzn_motion_control, layout_gridlike, enter_volcano_4,
          gauntlet_entry_generic, serial_bayou_shore_b
Lair:5:   hellmonk_lair_end_abyssal_woods, layout_cave_pods,
          nicolae_slime_entry_slimehenge
Shoals:1: layout_shoals, serial_shops, nicolae_shop_peninsula,
          nicolae_shoals_lost_giant_temple, uniq_frances
Shoals:2: layout_shoals, nicolae_shoals_stone_sculpture_thing,
          nicolae_shoals_aquamancer_cove, uniq_ilsuiw, uniq_polyphemus
Shoals:3: layout_shoals, ebering_ghost_disaster_area
Shoals:4: shoals_end_hellmonk_storm_palace [storm_palace_center_circular,
          storm_palace_corner_grid, storm_palace_corner_narrow,
          storm_palace_corner_blocked, storm_palace_corner_narrow]
Spider:1: layout_spider_delve, uniq_aizul, uniq_azrael, uniq_roxanne
Spider:2: layout_spider_delve
Spider:3: layout_spider_delve, uniq_arachne
Spider:4: grunt_spider_rune_island, nicolae_crawler_farm
Slime:1:  nicolae_slime_jelly_donut, layout_caves
Slime:2:  layout_caves, nicolae_slime_crime_time
Slime:3:  layout_caves
Slime:4:  layout_caves
Orc:1:    layout_caves, hellmonk_ghost_happy_afterlife
Orc:2:    grunt_orc_community_town_hall, layout_caves,
          grunt_orc_community_big_house_1, grunt_orc_community_big_house_1,
          grunt_orc_community_house_1, grunt_orc_community_house_2,
          grunt_orc_community_house_1, grunt_orc_community_house_3,
          biasface_ghost_orc_armoury
Elf:1:    layout_loops_corners, serial_shops, nicolae_shop_window_shopping,
          hangedman_elf_disciples
Elf:2:    nicolae_elf_blades_crystal_corner, layout_geoelf_diagonals,
          serial_shops, shop, minmay_shop_star, uniq_donald
Elf:3:    grunt_elf_hall_branching, layout_gridlike, due_unseen_surprise,
          grunt_megastairs_2, uniq_boris
Depths:1: layout_basic, enter_ziggurat_b, hell_entry,
          nicolae_abyss_entry_one_way_or_another,
          amcnicky_mini_rare_corridor_liquid, grunt_gozag_statues

Skill      XL: |  1  2  3  4  5  6  7  8  9 10 11 12 13 14 15 16 17 18 19 20 |
---------------+-------------------------------------------------------------+-----
Fighting       | 1 2 3 4 5 6 7 8 9 10 11 12 13 | 13.1
Dodging        | 2 3 4 5 6 7 8 9 |  9.7
Throwing       | 1 2 3 4 5 6 7 8 9 10 | 10.7
Shapeshifting  | 4 5 6 7 8 9 10 11 12 13 14 16 17 18 19 | 19.5
Unarmed Combat | 4 5 6 7 8 9 10 11 12 13 14 15 | 15.4
Invocations    | 1 3 4 6 11 12 13 14 15 | 15.9
Shields        | 3 5 6 |  6.3

Action                     |  1- 3 |  4- 6 |  7- 9 | 10-12 | 13-15 | 16-18 | 19-21 || total
---------------------------+-------+-------+-------+-------+-------+-------+-------++-------
  Melee: Unarmed           |    67 |   197 |   294 |   470 |   966 |   848 |   534 ||  3376
         Punch             |     1 |     5 |    10 |       |       |       |    39 ||    55
         Constrict         |       |       |       |   116 |   267 |   119 |       ||   502
         Tailslap          |       |       |       |       |       |       |    67 ||    67
         Bite              |       |       |       |       |       |       |    51 ||    51
  Throw: Dart              |       |     5 |     5 |       |       |       |       ||    10
         Large rock        |       |     3 |       |       |       |       |       ||     3
         Boomerang         |       |       |       |       |       |    89 |    33 ||   122
 Invoke: Divine Shield     |       |       |     1 |     5 |    20 |    29 |    13 ||    68
         Summon Divine War |       |       |       |       |     3 |     4 |     3 ||    10
         Cleansing Flame   |       |       |       |       |     4 |     2 |     5 ||    11
Ability: Begin Untransform |       |       |       |     2 |     2 |     1 |     2 ||     7
         Breathe Fire      |       |       |       |       |       |       |    38 ||    38
  Evoke: Wand              |       |       |       |     2 |    21 |     4 |     4 ||    31
    Use: Potion            |       |     3 |     1 |     8 |     7 |     3 |    11 ||    33
         Scroll            |       |     2 |     5 |    11 |    13 |    14 |     4 ||    49
 Armour: Animal skin       |    93 |   126 |   240 |       |       |       |       ||   459
         Skin              |       |    25 |       |   355 |   740 |   998 |   820 ||  2938
  Dodge: Dodged            |    54 |    84 |   171 |   350 |   607 |   358 |   326 ||  1950
  Block: Other             |       |       |       |     4 |    67 |    62 |    34 ||   167
         Tower shield      |       |       |       |       |     2 |   831 |   171 ||  1004
   Form: Serpent           |       |       |       |     2 |     2 |       |       ||     4
         Statue            |       |       |       |       |       |     1 |       ||     1
         Dragon            |       |       |       |       |       |       |     2 ||     2

Table legend: (Time is in decaauts)
 A = Elapsed time spent in this place.
 B = Non-inter-level travel time spent in this place.
 C = Inter-level travel time spent in this place.
 D = Time resting spent in this place.
 E = Time spent auto-exploring this place.
 F = Levels seen in this place.
 G = Mean time per level.
                   A        B        C        D        E       F      G
               +--------+--------+--------+--------+--------+-----+--------+
         Total |  50432 |  46514 |   3918 |  10661 |  18531 |  45 | 1120.7 |
       Dungeon |  17998 |  16020 |   1978 |   2662 |   8799 |  15 | 1199.9 |
        Temple |     40 |     23 |     17 |      0 |      0 |   1 |   40.0 |
          Lair |   6266 |   5415 |    851 |    542 |   3405 |   5 | 1253.2 |
        Shoals |   5366 |   5150 |    216 |   1141 |   1336 |   4 | 1341.5 |
   Spider Nest |   5985 |   5679 |    306 |   1542 |   1592 |   4 | 1496.2 |
    Slime Pits |   2434 |   2417 |     17 |    970 |    802 |   4 |  608.5 |
  Orcish Mines |   4683 |   4463 |    220 |   1628 |    707 |   2 | 2341.5 |
   Elven Halls |   4562 |   4251 |    311 |   1528 |   1120 |   3 | 1520.7 |
        Depths |    997 |    997 |      0 |    211 |    267 |   1 |  997.0 |
         Abyss |    585 |    585 |      0 |    247 |     74 |   3 |  195.0 |
         Sewer |    636 |    636 |      0 |     19 |    311 |   1 |  636.0 |
       Volcano |    502 |    502 |      0 |    114 |     48 |   1 |  502.0 |
      Gauntlet |    372 |    372 |      0 |     54 |     69 |   1 |  372.0 |
               +--------+--------+--------+--------+--------+-----+--------+

Top non-repeatable levels by time:
   Orc:2: 2868 daAuts
   Elf:2: 2668 daAuts
    D:14: 2161 daAuts
     D:5: 2060 daAuts
Shoals:3: 1967 daAuts
Spider:4: 1878 daAuts
   Orc:1: 1815 daAuts
  Lair:5: 1582 daAuts
  Lair:1: 1579 daAuts
Spider:2: 1563 daAuts
   Elf:1: 1561 daAuts
     D:9: 1561 daAuts
    D:15: 1498 daAuts
Shoals:4: 1490 daAuts
    D:13: 1351 daAuts
